 Dungeon Crawl Stone Soup version 0.21-a0-578-gc6e9d75 (webtiles) character file.

512 slep the Chopper (level 6, 0/47 HPs)
             Began as a Demonspawn Gladiator on Dec 19, 2017.
             Slain by an orc warrior
             ... wielding a +0 glaive
              (22 damage)
             ... on level 5 of the Dungeon.
             The game lasted 00:10:26 (3045 turns).

slep the Chopper (Demonspawn Gladiator)             Turns: 3045, Time: 00:10:27

Health: 0/47       AC:  6    Str: 14    XL:     6   Next: 99%
Magic:  6/6        EV: 14    Int: 10    God:
Gold:   222        SH:  0    Dex: 16    Spells: 5/5 levels left

rFire    . . .     SeeInvis .   a - +0 war axe
rCold    . . .     Gourm    .   (no shield)
rNeg     . . .     Faith    .   y - +0 robe {Archmagi}
rPois    .         Spirit   .   l - +2 helmet
rElec    .         Reflect  .   E - +0 cloak
rCorr    .         Harm     .   (no gloves)
MR       .....                  (no boots)
Stlth    ++........             i - amulet of regeneration
HPRegen  5.55/turn              (no ring)
MPRegen  0.10/turn              (no ring)

@: no status effects
A: claws 1, talons 1, powered by death 2
a: no special abilities


You were on level 5 of the Dungeon.
You were not hungry.

You visited 1 branch of the dungeon, and saw 5 of its levels.

You collected 222 gold pieces.

Inventory:

Hand Weapons
 a - a +0 war axe (weapon)
Missiles
 d - 3 throwing nets (quivered)
 v - 61 sling bullets
 z - 2 tomahawks
Armour
 b - a +0 leather armour
 c - a +0 helmet
 l - a +2 helmet (worn)
 y - a +0 robe of the Archmagi (worn)
 E - a +0 cloak (worn)
Jewellery
 i - an amulet of regeneration (around neck)
Wands
 D - a wand of disintegration (15)
 F - a wand of random effects (25)
Scrolls
 e - 4 scrolls of teleportation {unknown}
 g - 3 scrolls of remove curse {unknown}
 h - a scroll of enchant armour {unknown}
 k - 8 scrolls of identify {unknown}
 n - 2 scrolls of immolation {unknown}
 o - a scroll of magic mapping {unknown}
 A - a scroll of fear {unknown}
 B - a scroll of blinking {unknown}
Potions
 j - a potion of agility {unknown}
 m - a potion of mutation {unknown}
 p - 2 potions of heal wounds {unknown}
 q - a potion of degeneration {unknown}
 r - a potion of curing {unknown}
 s - a potion of flight {unknown}
 u - 4 potions of brilliance {unknown}
 x - 2 potions of might
 C - a potion of cancellation {unknown}
Books
 t - a book of Maledictions

   Spells                             Type                      Level
   a - Corona                         Hexes                        1
   b - Ensorcelled Hibernation        Hexes/Ice                    2
   c - Confuse                        Hexes                        3
   d - Tukima's Dance                 Hexes                        3
   e - Dazzling Spray                 Conjuration/Hexes            3
 w - a book of Changes

   Spells                             Type                      Level
   a - Beastly Appendage              Transmutation                1
   b - Sticks to Snakes               Transmutation                2
   c - Spider Form                    Transmutation/Poison         3
   d - Ice Form                       Ice/Transmutation            4
   e - Blade Hands                    Transmutation                5
Comestibles
 f - 8 rations


   Skills:
 + Level 3.5 Fighting
 + Level 5.6 Axes
 + Level 1.7 Throwing
 + Level 1.3 Armour
 + Level 3.8 Dodging
 + Level 1.2 Stealth


You had 5 spell levels left.
You didn't know any spells.

Dungeon Overview and Level Annotations

Branches:
Dungeon (5/15)
 Temple: D:4-7

Altars:
Dithmenos
Trog


Innate Abilities, Weirdness & Mutations

You have sharp fingernails.
You have sharp toenails.
You regenerate health from kills.


Message History

The orc hits you with an enchanted whip.
The orc hits you but does no damage. x2
You hit the orc but do no damage. You claw the orc, but do no damage.
The orc is almost dead.
You hit the orc. You barely miss the orc.
The orc warrior hits you from afar with a glaive!
The orc completely misses you. The orc closely misses you.
The orc hits you but does no damage. The orc closely misses you.
You closely miss the orc.
The orc is almost dead.
You hit the orc.
You kill the orc!
You closely miss the orc. The orc hits you but does no damage.
The orc warrior hits you from afar with a glaive!!
The orc closely misses you.
You barely miss the orc. You claw the orc.
You kill the orc!
You hit the orc. The orc barely misses you.
The orc warrior hits you from afar with a glaive!!
You die...

..# . ..# .. ...
#.. ... #.. #.#
##..)##### #.##
....ooo).####..#
#.....S@.....#.##
#
#...o###.###....#
.# ... #.#
###..####.### .
#.# #..........
#.# ###......##
.#.. #.......#
....######.##.##..
......#.........#
....#.###.....#


You could see an orc warrior, an adder and 3 orcs.

Vanquished Creatures
  Duvessa (D:4)
  Dowan (D:4)
  2 scorpions (D:4)
  2 orc wizards
  3 worker ants
  2 adders
  An ooze (D:1)
  An adder skeleton (D:4)
  A worm (D:4)
  2 dart slugs
  A leopard gecko (D:2)
  17 orcs
  2 ball pythons
  A giant cockroach (D:2)
  7 goblins
  9 hobgoblins
  6 jackals
  A quokka (D:2)
  11 bats
  3 frilled lizards
  10 kobolds
  5 rats
89 creatures vanquished.

Notes
Turn   | Place    | Note
-------+----------+-------------------------------------------
     0 | D:1      | slep the Demonspawn Gladiator began the quest for the Orb.
     0 | D:1      | Reached XP level 1. HP: 16/16 MP: 1/1
   156 | D:1      | Gained mutation: You regenerate a little health from kills. [demonic ancestry]
   156 | D:1      | Reached XP level 2. HP: 2/23 MP: 2/2
   344 | D:1      | Reached skill level 3 in Axes
   665 | D:2      | Reached XP level 3. HP: 28/28 MP: 3/3
   675 | D:2      | Found a bloodstained altar of Trog.
  1222 | D:2      | Reached skill level 1 in Stealth
  1222 | D:2      | Gained mutation: You regenerate health from kills. [demonic ancestry]
  1222 | D:2      | Reached XP level 4. HP: 19/34 MP: 4/4
  1761 | D:3      | Reached skill level 1 in Armour
  1910 | D:3      | Reached skill level 4 in Axes
  2142 | D:4      | Gained mutation: You have sharp fingernails. [demonic ancestry]
  2142 | D:4      | Reached XP level 5. HP: 39/40 MP: 5/5
  2324 | D:4      | Gained mutation: You have sharp toenails. [demonic ancestry]
  2324 | D:4      | Reached XP level 6. HP: 3/47 MP: 6/6
  2334 | D:4      | HP: 2/47 [poisoned by a scorpion]
  2340 | D:4      | HP: 2/47 [poisoned by a scorpion]
  2346 | D:4      | HP: 2/47 [poisoned by a scorpion]
  2406 | D:4      | Found a shadowy altar of Dithmenos.
  2533 | D:4      | Noticed Duvessa
  2553 | D:4      | Killed Duvessa
  2553 | D:4      | Reached skill level 5 in Axes
  2557 | D:4      | Noticed Dowan
  2560 | D:4      | Killed Dowan
  2993 | D:5      | Entered Level 5 of the Dungeon
  3038 | D:5      | Noticed an orc warrior
  3045 | D:5      | Slain by an orc warrior

Vault maps used:
D:1:      scummos_arrival_hexagon
D:2:      lightli_temple_of_fire
D:3:      minmay_large_rounded_square
D:4:      first_ration, corexii_shack, minmay_misc_feat_encased,
          nicolae_dithmenos_shadow_blocks, uniq_duvessa
D:5:      serial_shops, shop, uniq_sigmund, uniq_crazy_yiuf_cottage

Skill      XL: |  1  2  3  4  5  6 |
---------------+-------------------+-----
Axes           | 3 4 5 |  5.6
Dodging        | 3 |  3.8
Stealth        | 1 |  1.2
Armour         | 1 |  1.3
Fighting       | 3 |  3.5
Throwing       | |  1.7

Action                   |  1- 3 |  4- 6 || total
-------------------------+-------+-------++-------
Melee: War axe           |   113 |   180 ||   293
       Kick              |       |    13 ||    13
 Stab: Sleeping          |     3 |     2 ||     5
  Eat: Chunk             |     1 |     6 ||     7
Armor: Leather armour    |    56 |    19 ||    75
       Robe              |       |    17 ||    17
Dodge: Dodged            |   126 |   149 ||   275

Table legend:
 A = Spawn XP
 B = Non-spawn XP
 C = Spawn XP percentage of total XP
 D = Spawn monster count
 E = Non-spawn monster count
 F = Spawn count percentage of total count
 G = Total turns spent on level
                    A         B        C        D         E        F      G
               +---------+---------+-------+---------+---------+-------+---------
         Total |       0 |     732 |   0.0 |       0 |      89 |   0.0 |  3045
               +---------+---------+-------+---------+---------+-------+---------
           D:1 |       0 |      30 |   0.0 |       0 |      16 |   0.0 |   658
           D:2 |       0 |      83 |   0.0 |       0 |      22 |   0.0 |  1020
           D:3 |       0 |      80 |   0.0 |       0 |      23 |   0.0 |   453
           D:4 |       0 |     514 |   0.0 |       0 |      23 |   0.0 |   862
           D:5 |       0 |      25 |   0.0 |       0 |       5 |   0.0 |    52
               +---------+---------+-------+---------+---------+-------+---------
